 Dungeon Sprint DCSS version 0.17.0-56-gd8de76c (webtiles) character file.

19016 kosy22 the Brawler (level 12, -8/136 HPs)
             Began as a Troll Fighter on Dec 5, 2015.
             Was the Champion of Ru.
             Mangled by an ettin
             ... wielding a +0 great mace
              (18 damage)
             ... in the Dungeon (Sprint IX: "|||||||||||||||||||||||||||||").
             The game lasted 00:12:16 (1761 turns).

kosy22 the Brawler (Troll Fighter)                  Turns: 1761, Time: 00:12:16

Health: -8/136     AC: 15    Str: 31    XL:     12   Next: 32%
Magic:  5/11       EV: 16    Int:  4    God:    Ru [******]
Gold:   761        SH: 13    Dex:  9    Spells: 0 memorised, 11 levels left

rFire  . . .     SeeInvis .     z - +3 quick blade
rCold  . . .     Clarity  .     A - +1 pearl dragon armour
rNeg   + . .     SustAt   .     b - +0 shield
rPois  .         Gourm    +     (helmet restricted)
rElec  .         Spirit   .     v - +0 cloak
rCorr  .         Warding  .     (gloves unavailable)
rMut   .         NoTele   +     (boots unavailable)
MR     .....                    (no amulet)
Stlth  ..........               n - +2 ring of evasion
                                o - +2 ring of evasion

@: exhausted, drained, not resistant to hostile enchantments, extremely
unstealthy
A: unfitting armour, claws 3, fast metabolism 3, gourmand, regeneration 2,
shaggy fur 1, tough skin 2, inability to use devices, hated by all, inability to
train armour, no charms magic, no necromancy magic, no poison magic, missing an
eye
a: Draw Out Power, Power Leap, Apocalypse, Renounce Religion


You were in the Dungeon.
You worshipped Ru.
Ru was exalted by your worship.
You were not hungry.

You visited 1 branch You collected 871 gold pieces.
You spent 110 gold pieces at shops.

Inventory:

Hand Weapons
 z - a +3 quick blade (weapon)
Armour
 a - a +0 robe
 b - a +0 shield (worn)
 v - a +0 cloak (worn)
 A - a +1 pearl dragon armour (worn)
Jewellery
 n - a +2 ring of evasion (right claw)
 o - a +2 ring of evasion (left claw)
 q - the ring "Qapobbim" {SustAt rPois}
   (You found it in the Dungeon)

   [ring of sustain attributes]

   It sustains your strength, intelligence and dexterity.
   It protects you from poison.
 w - an uncursed ring of protection from cold
 x - an uncursed ring of ice
 y - an uncursed ring of fire
Wands
 m - a wand of draining (3)
Scrolls
 j - 2 scrolls of fog
 k - 4 scrolls of remove curse
 l - 2 scrolls of amnesia
 r - 6 scrolls of enchant weapon
 s - a scroll of recharging
 t - 2 scrolls of enchant armour
 C - 2 scrolls of fear
 D - a scroll of identify
Potions
 c - 2 potions of might
 e - 8 potions of curing
 f - a potion of brilliance
 g - a potion of haste
 h - 4 potions of magic
 i - 2 potions of heal wounds
 B - a potion of agility
Comestibles
 d - 12 meat rations
 p - 39 fruits
 u - 12 bread rations


   Skills:
 + Level 13.5(13.4) Fighting
 + Level 0.3(0.2) Throwing
 + Level 14.5(14.4) Dodging
 + Level 4.3(4.2) Stealth
 + Level 12.3(12.1) Shields
 + Level 15.0(14.9) Unarmed Combat


You had 11 spell levels left.
You didn't know any spells.

Dungeon Overview and Level Annotations

Branches:
Dungeon (1/1)

Altars:
Cheibriados
Dithmenos
Elyvilon
Fedhas
Gozag
Kikubaaqudgha
Makhleb
Nemelex Xobeh
Okawaru
Qazlal
Ru
Sif Muna
Trog
Vehumet
Xom
Yredelemnul
Zin
The Shining One
Beogh
Jiyva
Lugonu

Shops:
D !*::


Innate Abilities, Weirdness & Mutations

You are too large for most types of armour.
You have claws for hands.
Your metabolism is lightning-fast.
You like to eat raw meat.
You heal very quickly.
You are covered in fur (AC +1).
You have very tough skin (AC +2).
You cannot study or use magical devices.
You are hated by all.
You cannot train Armour skill.
You cannot study or cast Charms magic.
You cannot study or cast Necromancy magic.
You cannot study or cast Poison magic.
You are missing an eye, making it more difficult to aim.


Message History

You throw a large rock. The large rock hits the ettin!
The ettin is heavily wounded.
A centaur warrior comes into view.
You hit the ettin but do no damage.
The ettin is heavily wounded.
You hit the ettin.
The ettin is heavily wounded.
You block the ettin's attack. The ettin hits you with a dire flail!!
* * * LOW HITPOINT WARNING * * *
You hit the ettin but do no damage.
The ettin is heavily wounded.
Drink which item? (? for menu, Esc to quit)
You feel much better. You block the ettin's attack.
You block the ettin's attack.
You hit the ettin but do no damage.
The ettin is heavily wounded.
The ettin hits you with a great mace!!
* * * LOW HITPOINT WARNING * * *
The ettin hits you with a dire flail!!
You die...

▓[▓.▓)▓.▓.▓.▓_▓
▓.▓.▓'▓.▓.▓.▓_▓
▓[▓.▓.▓.▓.▓.▓_▓
▓[▓.▓.▓.▓.▓.▓_▓
▓[▓.▓$▓.▓.▓.▓_▓
▓[▓.▓$▓.▓'▓.▓_▓
▓.▓.▓$▓.▓.▓.▓_▓
▓.▓.▓.▓.▓.▓.▓_▓
▓@▓.▓)▓.▓.▓.▓_▓
▓C▓.▓.▓.▓.▓.▓_▓
▓.▓.▓.▓.▓†▓.▓_▓
▓.▓.▓)▓.▓†▓.▓_▓
▓†▓.▓.▓.▓.▓.▓_▓
▓.▓.▓.▓.▓.▓.▓'▓
▓[▓.▓'▓.▓.▓.▓.▓
▓)▓.▓)▓.▓'▓.▓.▓
▓)▓.▓)▓.▓†▓.▓|▓


You could see an ettin.

Vanquished Creatures
  A stone giant (D)
  Josephine (D)
  Erolcha (D)
  2 ogre magi (D)
  4 centaur warriors (D)
  A vampire mage (D)
  A death yak (D)
  Sonja (D)
  2 hill giants (D)
  An ugly thing (D)
  4 orc knights (D)
  A cyclops (D)
  A wizard (D)
  2 griffons (D)
  Psyche (D)
  A spiny frog (D)
  4 two-headed ogres (D)
  A blink frog (D)
  A freezing wraith (D)
  A deep elf mage (D)
  A wyvern (D)
  3 wraiths (D)
  Grum (D)
  10 wolves (D)
  A vampire mosquito (D)
  2 water moccasins (D)
  11 orc warriors (D)
  A porcupine (D)
  3 hell hounds (D)
  8 ogres (D)
  5 crocodiles (D)
  2 giant frogs (D)
  A wight (D)
  A killer bee (D)
  2 iguanas (D)
  A jelly (D)
  4 orc wizards (D)
  A river rat (D)
  A giant gecko (D)
  8 orcs (D)
  2 giant cockroaches (D)
  A goblin (D)
  2 hobgoblins (D)
  A bat (D)
  A rat (D)
106 creatures vanquished.

Vanquished Creatures (others)
  A mottled dragon (D)
  An orc (D)
2 creatures vanquished.

Grand Total: 108 creatures vanquished

Notes
Turn   | Place    | Note
--------------------------------------------------------------
     0 | D        | kosy22 the Troll Fighter began the quest for the Orb.
     0 | D        | Reached XP level 1. HP: 22/22 MP: 0/0
    13 | D        | Reached skill level 3 in Shields
    25 | D        | Noticed an iguana
    25 | D        | Noticed an ogre
    33 | D        | Killed an iguana
    33 | D        | Reached XP level 2. HP: 24/32 MP: 1/1
    33 | D        | Reached XP level 3. HP: 29/39 MP: 2/2
    58 | D        | Killed an ogre
    58 | D        | Reached skill level 4 in Fighting
    58 | D        | Reached skill level 5 in Dodging
    58 | D        | Reached XP level 4. HP: 49/49 MP: 3/3
    64 | D        | Reached skill level 5 in Fighting
    81 | D        | Found a glowing silver altar of Zin.
    81 | D        | Found a glowing golden altar of the Shining One.
    81 | D        | Found an ancient bone altar of Kikubaaqudgha.
    81 | D        | Found a basalt altar of Yredelemnul.
    81 | D        | Found a shimmering altar of Xom.
    81 | D        | Found a radiant altar of Vehumet.
    82 | D        | Found an iron altar of Okawaru.
    83 | D        | Found a burning altar of Makhleb.
    84 | D        | Found a deep blue altar of Sif Muna.
    85 | D        | Found a bloodstained altar of Trog.
    86 | D        | Found a sparkling altar of Nemelex Xobeh.
    87 | D        | Found a white marble altar of Elyvilon.
    88 | D        | Found a roughly hewn altar of Beogh.
    89 | D        | Found a viscous altar of Jiyva.
    90 | D        | Found a corrupted altar of Lugonu.
    91 | D        | Found a blossoming altar of Fedhas.
    92 | D        | Found a snail-covered altar of Cheibriados.
    93 | D        | Found a shadowy altar of Dithmenos.
    94 | D        | Found a stormy altar of Qazlal.
    95 | D        | Found an opulent altar of Gozag.
    96 | D        | Found a sacrificial altar of Ru.
   104 | D        | Became a worshipper of Ru the Awakened
   123 | D        | Noticed a jelly
   123 | D        | Noticed a killer bee
   123 | D        | Noticed a deep elf mage
   123 | D        | Noticed a hill giant
   125 | D        | Killed a jelly
   125 | D        | Reached skill level 5 in Shields
   125 | D        | Reached XP level 5. HP: 55/57 MP: 4/4
   128 | D        | Killed a killer bee
   142 | D        | Killed a deep elf mage
   142 | D        | Reached skill level 6 in Fighting
   142 | D        | Reached skill level 7 in Dodging
   142 | D        | Reached XP level 6. HP: 41/68 MP: 5/5
   155 | D        | Killed a hill giant
   155 | D        | Reached skill level 8 in Fighting
   155 | D        | Reached XP level 7. HP: 28/80 MP: 6/6
   237 | D        | Noticed a centaur warrior
   237 | D        | Noticed a wight
   237 | D        | Noticed a red ugly thing
   237 | D        | Noticed a crocodile
   237 | D        | Noticed a centaur warrior
   244 | D        | Killed a centaur warrior
   244 | D        | Reached skill level 9 in Fighting
   244 | D        | Reached skill level 1 in Evocations
   244 | D        | Reached XP level 8. HP: 44/92 MP: 7/7
   274 | D        | Killed a red ugly thing
   274 | D        | Reached skill level 10 in Dodging
   280 | D        | Killed a wight
   286 | D        | Killed a crocodile
   286 | D        | Reached XP level 9. HP: 55/100 MP: 9/9
   287 | D        | Gained mutation: You are hated by all. [Ru sacrifice]
   287 | D        | Reached * piety under Ru
   293 | D        | Killed a centaur warrior
   293 | D        | Reached skill level 10 in Fighting
   497 | D        | Got the ring "Qapobbim" {SustAt rPois}
   510 | D        | Noticed a crocodile
   510 | D        | Noticed an iguana
   510 | D        | Noticed a wolf
   510 | D        | Noticed a giant frog
   510 | D        | Noticed a crocodile
   514 | D        | Noticed a giant frog
   522 | D        | Noticed a wyvern
   524 | D        | Killed a crocodile
   525 | D        | Gained mutation: You cannot study or cast Poison magic. [Ru sacrifice]
   525 | D        | Gained mutation: You cannot study or cast Necromancy magic. [Ru sacrifice]
   525 | D        | Gained mutation: You cannot study or cast Charms magic. [Ru sacrifice]
   525 | D        | Reached ** piety under Ru
   528 | D        | Killed an iguana
   530 | D        | Noticed a spiny frog
   533 | D        | Killed a wolf
   538 | D        | Killed a giant frog
   542 | D        | Killed a crocodile
   550 | D        | Killed a giant frog
   550 | D        | Reached skill level 11 in Dodging
   554 | D        | Killed a wyvern
   563 | D        | Killed a spiny frog
   574 | D        | Noticed a water moccasin
   574 | D        | Noticed a crocodile
   574 | D        | Noticed a water moccasin
   574 | D        | Noticed a blink frog
   574 | D        | Noticed a death yak
   574 | D        | Noticed a crocodile
   575 | D        | Noticed a griffon
   577 | D        | Noticed a griffon
   579 | D        | Killed a water moccasin
   590 | D        | Killed a death yak
   590 | D        | Reached skill level 10 in Unarmed Combat
   590 | D        | Reached XP level 10. HP: 95/111 MP: 10/10
   597 | D        | Killed a griffon
   597 | D        | Reached skill level 10 in Shields
   602 | D        | Noticed a porcupine
   604 | D        | Killed a porcupine
   619 | D        | Killed a griffon
   619 | D        | Reached skill level 12 in Dodging
   621 | D        | Killed a crocodile
   625 | D        | Killed a water moccasin
   626 | D        | Killed a crocodile
   638 | D        | Killed a blink frog
   756 | D        | Noticed a wolf
   756 | D        | Noticed a hell hound
   756 | D        | Noticed a hell hound
   757 | D        | Noticed a wolf
   758 | D        | Noticed a wolf
   760 | D        | Noticed a hell hound
   762 | D        | Noticed a wolf
   763 | D        | Killed a hell hound
   769 | D        | Killed a hell hound
   771 | D        | Noticed a wolf
   772 | D        | Killed a hell hound
   781 | D        | Killed a wolf
   784 | D        | Killed a wolf
   792 | D        | Killed a wolf
   797 | D        | Killed a wolf
   806 | D        | Killed a wolf
   823 | D        | Gained mutation: You cannot study or use magical devices. [Ru sacrifice]
   823 | D        | Reached *** piety under Ru
   823 | D        | Reached **** piety under Ru
   823 | D        | Reached ***** piety under Ru
   891 | D        | Noticed Psyche
   892 | D        | Noticed Sonja
   898 | D        | Killed Psyche
   901 | D        | Killed Sonja
   970 | D        | Noticed an orc warrior
   970 | D        | Noticed an orc warrior
   970 | D        | Noticed an orc warrior
   970 | D        | Noticed an orc wizard
   972 | D        | Noticed an orc warrior
   976 | D        | Killed an orc warrior
   979 | D        | Killed an orc warrior
   980 | D        | Noticed an orc wizard
   985 | D        | Killed an orc warrior
   985 | D        | Reached skill level 13 in Dodging
   993 | D        | Killed an orc warrior
   993 | D        | Reached skill level 1 in Stealth
   998 | D        | Killed an orc wizard
  1009 | D        | Noticed an orc wizard
  1013 | D        | Killed an orc wizard
  1013 | D        | Reached XP level 11. HP: 60/120 MP: 10/10
  1014 | D        | Gained mutation: You cannot train Armour skill. [Ru sacrifice]
  1021 | D        | Killed an orc wizard
  1101 | D        | Noticed an orc knight
  1101 | D        | Noticed an orc warrior
  1101 | D        | Noticed an orc knight
  1101 | D        | Noticed an orc warrior
  1101 | D        | Noticed an orc knight
  1101 | D        | Noticed an orc warrior
  1116 | D        | Killed an orc knight
  1120 | D        | Noticed an orc warrior
  1121 | D        | Killed an orc knight
  1132 | D        | Killed an orc knight
  1138 | D        | Noticed an orc warrior
  1138 | D        | Killed an orc warrior
  1140 | D        | Noticed an orc warrior
  1142 | D        | Killed an orc warrior
  1144 | D        | Killed an orc warrior
  1147 | D        | Killed an orc warrior
  1149 | D        | Killed an orc warrior
  1159 | D        | Killed an orc warrior
  1239 | D        | Noticed an orc knight
  1240 | D        | Noticed an orc wizard
  1241 | D        | Noticed an orc warrior
  1246 | D        | Killed an orc knight
  1252 | D        | Killed an orc warrior
  1257 | D        | Killed an orc wizard
  1262 | D        | Found Mossialu's Distillery.
  1262 | D        | Noticed an ogre
  1262 | D        | Noticed a two-headed ogre
  1262 | D        | Noticed an ogre
  1262 | D        | Noticed an ogre
  1262 | D        | Noticed an ogre
  1263 | D        | Noticed an ogre mage
  1264 | D        | Killed an ogre
  1266 | D        | Killed an ogre
  1267 | D        | Noticed an ogre mage
  1267 | D        | Found Edeubb's General Store.
  1270 | D        | Killed a two-headed ogre
  1272 | D        | Killed an ogre
  1274 | D        | Found Cifopp's Book Emporium.
  1275 | D        | Noticed an ogre
  1278 | D        | Killed an ogre mage
  1280 | D        | Noticed a two-headed ogre
  1280 | D        | Killed an ogre
  1283 | D        | Noticed a two-headed ogre
  1286 | D        | Noticed an ogre
  1286 | D        | Killed an ogre mage
  1288 | D        | Killed an ogre
  1290 | D        | Killed a two-headed ogre
  1294 | D        | Noticed a two-headed ogre
  1294 | D        | Killed a two-headed ogre
  1298 | D        | Killed an ogre
  1299 | D        | Found Datsak's Book Shoppe.
  1301 | D        | Killed a two-headed ogre
  1306 | D        | Noticed an ogre
  1313 | D        | Killed an ogre
  1340 | D        | Bought a potion of heal wounds for 55 gold pieces
  1340 | D        | Bought a potion of heal wounds for 55 gold pieces
  1362 | D        | Noticed a wraith
  1362 | D        | Noticed a wraith
  1365 | D        | Noticed Josephine
  1369 | D        | Noticed a wraith
  1372 | D        | Killed a wraith
  1384 | D        | Killed Josephine
  1384 | D        | Reached skill level 14 in Dodging
  1390 | D        | Killed a wraith
  1396 | D        | Killed a wraith
  1397 | D        | Gained mutation: You are missing an eye, making it more difficult to aim. [Ru sacrifice]
  1397 | D        | Reached ****** piety under Ru
  1524 | D        | Noticed a wolf
  1525 | D        | Noticed Erolcha
  1527 | D        | Noticed Grum
  1528 | D        | Noticed a wolf
  1529 | D        | Killed a wolf
  1530 | D        | Noticed a wolf
  1530 | D        | Noticed a wolf
  1532 | D        | Killed Erolcha
  1541 | D        | Killed Grum
  1542 | D        | Killed a wolf
  1544 | D        | Killed a wolf
  1545 | D        | Killed a wolf
  1545 | D        | Reached XP level 12. HP: 125/136 MP: 11/11
  1654 | D        | Noticed a centaur warrior
  1654 | D        | Noticed a cyclops
  1654 | D        | Noticed a freezing wraith
  1654 | D        | Noticed a vampire mosquito
  1654 | D        | Noticed a centaur warrior
  1654 | D        | Noticed a wizard
  1666 | D        | Killed a centaur warrior
  1674 | D        | Killed a cyclops
  1677 | D        | Killed a vampire mosquito
  1678 | D        | Noticed a mottled dragon
  1689 | D        | Noticed a stone giant
  1692 | D        | Noticed a hill giant
  1695 | D        | Killed a mottled dragon
  1701 | D        | Noticed a vampire mage
  1739 | D        | Killed a stone giant
  1739 | D        | Killed a freezing wraith
  1739 | D        | Killed a centaur warrior
  1739 | D        | Killed a wizard
  1739 | D        | Killed a hill giant
  1744 | D        | Noticed an ettin
  1750 | D        | Killed a vampire mage
  1750 | D        | Reached skill level 15 in Unarmed Combat
  1753 | D        | Noticed a centaur warrior
  1761 | D        | Mangled by an ettin

Action                   |  1- 3 |  4- 6 |  7- 9 | 10-12 || total
-------------------------+-------+-------+-------+-------++-------
Melee: Unarmed           |    28 |    25 |    95 |   278 ||   426
       Quick blade       |       |       |       |    68 ||    68
Throw: Large rock        |       |       |       |     7 ||     7
Invok: Sacrifice Love    |       |       |     1 |       ||     1
       Sacrifice Arcana  |       |       |     1 |       ||     1
       Sacrifice Artific |       |       |       |     1 ||     1
       Sacrifice Durabil |       |       |       |     1 ||     1
       Sacrifice an Eye  |       |       |       |     1 ||     1
       Apocalypse        |       |       |       |     1 ||     1
Evoke: Wand              |       |     3 |     1 |       ||     4
  Use: Potion            |     2 |     2 |     1 |     7 ||    12
       Scroll            |       |     1 |       |     1 ||     2
 Stab: Invisible         |       |       |       |     4 ||     4
       Paralysed         |       |       |       |     2 ||     2
       Distracted        |       |       |       |     1 ||     1
  Eat: Bread ration      |       |       |     1 |     1 ||     2
       Meat ration       |       |       |       |     1 ||     1
       Fruit             |       |       |       |     1 ||     1
